 Dungeon Crawl Stone Soup version 0.23.2-33-g5129a83184 (webtiles) character file.

Game seed: 5157814631232277144

7 lepoulpe303 the Skirmisher (level 1, -2/18 HPs)
             Began as a Demonspawn Monk on July 22, 2019.
             Slain by a goblin (3 damage)
             ... on level 1 of the Dungeon.
             The game lasted 00:00:37 (76 turns).

lepoulpe303 the Skirmisher (Demonspawn Monk)          Turns: 76, Time: 00:00:37

Health: -2/18      AC:  2    Str: 11    XL:     1   Next: 83%
Magic:  1/1        EV: 13    Int: 11    God:
Gold:   14         SH:  0    Dex: 15    Spells: 0/0 levels left

rFire    . . .     SeeInvis .   a - +0 falchion
rCold    . . .     Gourm    .   (no shield)
rNeg     . . .     Faith    .   b - +0 robe
rPois    .         Spirit   .   (no helmet)
rElec    .         Reflect  .   (no cloak)
rCorr    .         Harm     .   (no gloves)
MR       .....                  (no boots)
Stlth    ++........             (no amulet)
HPRegen  0.06/turn              (no ring)
MPRegen  0.07/turn              (no ring)

@: no status effects
A: no striking features
a: no special abilities


You were on level 1 of the Dungeon.
You were not hungry.

You visited 1 branch of the dungeon, and saw 1 of its levels.

You collected 14 gold pieces.

Inventory:

Hand Weapons
 a - a +0 falchion (weapon)
Armour
 b - a +0 robe (worn)
Potions
 c - a potion of curing {unknown}
Comestibles
 e - a ration


   Skills:
 * Level 3.1 Fighting
 * Level 2.8 Long Blades
 + Level 0.1 Armour
 + Level 2.7 Dodging
 + Level 1.9 Stealth


You couldn't memorise any spells.
You didn't know any spells.
Your spell library was empty.

Dungeon Overview and Level Annotations

Branches:
Dungeon (1/15)

Altars:


Message History

You hit the jackal. The jackal misses you.
You barely miss the jackal. The jackal barely misses you.
You riposte.
You completely miss the jackal. You hit the jackal but do no damage.
The jackal completely misses you. The jackal bites you.
* * * LOW HITPOINT WARNING * * *
You take 1 damage, and have 3/18 hp.
You hit the jackal.
The jackal bites you but does no damage.
The jackal completely misses you.
You hit the jackal.
You kill the jackal!
You hit the goblin. The goblin hits you.
* * * LOW HITPOINT WARNING * * *
You take 1 damage, and have 2/18 hp.
You barely miss the goblin. The goblin hits you.
* * * LOW HITPOINT WARNING * * *
You take 1 damage, and have 1/18 hp.
You barely miss the goblin. The goblin hits you.
You die...

.## . ..# ###. #.#
####... ... .....#
♣.♣ #...# ♣⌠♣
#...♣♣♣♣♣.♣♣♣♣♣..
#...Krhg@<.⌠.....
#...♣♣♣♣♣.♣♣♣♣♣..
#...# ♣⌠♣ .
#..g##♣♣♣.♣♣♣##..
#................
###.K###...........
#..........)....###
#...r...........#
#...............#


You could see a jackal, a goblin, a kobold and a rat.

Levels and vault maps discovered:
D:1:      scummos_arrival_forest, layout_basic

Notes
Turn   | Place    | Note
-------+----------+-------------------------------------------
     0 | D:1      | lepoulpe303 the Demonspawn Monk began the quest for the
                  | Orb.
     0 | D:1      | Reached XP level 1. HP: 18/18 MP: 1/1
    11 | D:1      | Identified a +0 club
    38 | D:1      | Identified a cursed +0 dagger
    67 | D:1      | HP: 4/18 [jackal (1)]
    74 | D:1      | HP: 2/18 [goblin (1)]
    76 | D:1      | Slain by a goblin

Table legend:
 A = Turns spent in this place as a percentage of turns spent in the entire game.
 B = Non-inter-level travel turns spent in this place as a percentage of non-inter-level travel turns spent in the entire game.
 C = Inter-level travel turns spent in this place as a percentage of turns spent in this place.
 D = Turns resting spent in this place as a percentage of non-inter-level travel turns spent in this place.
 E = Turns spent auto-exploring this place as a percentage of non-inter-level travel turns spent in this place.
 F = Non-inter-level travel turns spent in this place divided by the number of levels of this place that you've seen.
                   A       B       C       D       E      F
               +-------+-------+-------+-------+-------+----------------------
         Total | 100.0 | 100.0 |   0.0 |   0.0 |  27.6 |  76.0
       Dungeon | 100.0 | 100.0 |   0.0 |   0.0 |  27.6 |  76.0
               +-------+-------+-------+-------+-------+----------------------

Table legend:
 A = Kills in this place as a percentage of kills in entire the game.
 B = Kills by you in this place as a percentage of kills by you in the entire game.
 C = Kills by friends in this place as a percentage of kills by friends in the entire game.
 D = Other kills in this place as a percentage of other kills in the entire game.
 E = Experience gained in this place as a percentage of experience gained in the entire game.
 F = Experience gained in this place divided by the number of levels of this place that you have seen.
                   A       B       C       D       E      F
               +-------+-------+-------+-------+-------+----------------------
         Total | 100.0 | 100.0 |   N/A |   N/A | 100.0 |  10.0
       Dungeon | 100.0 | 100.0 |   N/A |   N/A | 100.0 |  10.0
               +-------+-------+-------+-------+-------+----------------------

Action                   || total
-------------------------++-------
Melee: Falchion          ||    25
Armor: Robe              ||     6
Dodge: Dodged            ||    29
       Rpst.: Falchion   ||     7

Vanquished Creatures
  3 jackals (D:1)
  A kobold (D:1)
  A goblin (D:1)
  A rat (D:1)
6 creatures vanquished.
